 Dungeon Crawl Stone Soup version 0.27-a0-1324-ge0d8e047f6 (webtiles) character file.

Game seed: 5966297726039663260

3257 bande the Cleaver (level 10, -7/63 HPs)
             Began as a Gargoyle Fighter on June 23, 2021.
             Was a Believer of Okawaru.
             Splashed by Maurice's acid (11 damage)
             ... on level 8 of the Dungeon.
             The game lasted 00:18:51 (7892 turns).

bande the Cleaver (Gargoyle Fighter)                Turns: 7892, Time: 00:18:52

Health: -7/63      AC: 16    Str: 21    XL:     10   Next: 0%
Magic:  0/12       EV:  7    Int: 10    God:    Okawaru [**....]
Gold:   269        SH: 11    Dex: 16    Spells: 11/11 levels left

rFire    . . .     SeeInvis .   l - +2 war axe (flame)
rCold    . . .     Faith    .   c - +0 kite shield
rNeg     + . .     Spirit   +   d - +0 chain mail
rPois    ∞         Reflect  .   h - +2 hat
rElec    +         Harm     .   g - +1 cloak
rCorr    .         Rampage  .   i - +1 pair of gloves
Will     .....                  (no boots)
Stlth    ..........             v - amulet of guardian spirit
HPRegen  0.20/turn              f - +6 ring of dexterity
MPRegen  0.13/turn              (no ring)

@: corroded, studying Fighting
A: sickness immunity, AC +7, negative energy resistance 1, electricity
resistance, torment resistance 1, petrification resistance
a: Renounce Religion, Heroism


You were on level 8 of the Dungeon.
You worshipped Okawaru.
Okawaru was pleased with you.
You visited 1 branch of the dungeon, and saw 8 of its levels.

You collected 438 gold pieces.
You spent 169 gold pieces at shops.

Inventory:

Hand Weapons
 a - a +0 war axe
 l - a +2 war axe of flaming (weapon)
Missiles
 j - 5 atropa-tipped darts (quivered)
 m - a throwing net
Armour
 c - a +0 kite shield (worn)
 d - a +0 chain mail (worn)
 g - a +1 cloak (worn)
 h - a +2 hat (worn)
 i - a +1 pair of gloves (worn)
Jewellery
 f - a +6 ring of dexterity (left hand)
 v - an amulet of guardian spirit (around neck)
Scrolls
 e - 2 scrolls of identify
Potions
 b - a potion of mutation
 k - a potion of flight
 o - a potion of heal wounds
 p - a potion of ambrosia
 q - a potion of cancellation
 r - a potion of curing
 u - a potion of magic {unknown}


   Skills:
 + Level 7.4 Fighting
 + Level 8.7 Axes
 + Level 6.3 Armour
 - Level 2.0 Dodging
 + Level 7.5 Shields
 * Level 1.3 Spellcasting
 * Level 1.6 Invocations


You had 11 spell levels left.
You didn't know any spells.
Your spell library was empty.

Dungeon Overview and Level Annotations

Branches:
Dungeon (8/15)             Temple (0/1) D:4
   Lair: D:8-11

Altars:
Ashenzari
Elyvilon
Fedhas
Kikubaaqudgha
Makhleb
Okawaru
Qazlal
Sif Muna
Wu Jian
Yredelemnul
Zin
The Shining One

Shops:
D:2 (   D:4 (   D:6 !(*?

Annotations:
D:4 2 runed translucent doors, ptrx2's ghost, novice MiFi
D:8 Maurice


Innate Abilities, Weirdness & Mutations

You are immune to sickness and miasma.
Your stone body is resilient. (AC +7)
You are immune to poison.
You resist negative energy. (rN+)
You are resistant to electric shocks. (rElec)
You are resistant to unholy torment.
You are immune to petrification.


Message History

You hit the white imp. You burn the white imp.
The white imp is severely wounded.
You block the white imp's attack.
You hit the white imp. You burn the white imp.
The white imp is almost dead.
The white imp gestures at you.
The puff of frost hits you but does no damage.
You closely miss the white imp.
The white imp is almost dead.
You block the white imp's attack.
You closely miss the white imp.
The white imp is almost dead.
The white imp hits you. The white imp freezes you.
The white imp gestures at you. The puff of frost hits you.
You slash the white imp! You burn the white imp.
You kill the white imp!
Okawaru accepts your kill.
You have reached level 10!
You start resting.
Magic restored.
You start resting.
HP restored.
Things that are here:
a +0 dagger; an orc corpse
Items here: ))) [[[ †.
Found an escape hatch in the ceiling.
Maurice the Thief comes into view.
He is wielding a +0 dagger, wearing a +0 cloak of stealth and carrying a wand of acid (5).
Maurice shouts!
Maurice zaps a wand.
The bolt of acid misses you.
Found a scroll of teleportation.
Maurice zaps a wand.
The bolt of acid hits you. The acid corrodes you!
You are splashed with acid!
You barely miss Maurice. Maurice hits you with a +0 dagger.
Maurice steals 2 of your 3 throwing nets!
You closely miss Maurice.
Maurice zaps a wand.
The bolt of acid hits you!!
You are splashed with acid!
Maurice zaps a wand.
The bolt of acid hits you!!
* * * LOW HITPOINT WARNING * * *
The acid corrodes you!
You are splashed with acid!
You die...

###### ##.....### ..
#......... ..#
.........##..#
..........#..#
............#
#.......@...?##
#.......@..#..#
#..........#..#+
#..............##
#................
#..........#....
.######..........#...#
#................###..
#.............#.......
#.........###.........


You could see Maurice.

Vanquished Creatures
  Pikel (D:7)
  Sigmund (D:4)
  A wyvern (D:4)
  Edmund (D:4)
  An acid dragon (D:8)
  A water moccasin (D:8)
  Duvessa (D:7)
  A black bear (D:5)
  A necrophage (D:6)
  3 ogres (D:5)
  A centaur (D:5)
  A bullfrog (D:7)
  3 scorpions
  A water moccasin zombie (D:5)
  Dowan (D:7)
  6 howler monkeys
  2 centaur zombies
  A bullfrog skeleton (D:6)
  3 hounds
  A jelly (D:5)
  3 orc priests
  A centaur skeleton (D:7)
  Jessica (D:2)
  A gnoll shaman (D:5)
  Natasha (thrice) (D:4)
  4 iguanas
  6 orc wizards
  A howler monkey zombie (D:5)
  5 adders
  5 gnolls
  A shadow imp (D:5)
  2 white imps
  4 ufetubi
  An adder zombie (D:1)
  2 worms
  3 dart slugs
  20 orcs
  8 ball pythons
  3 bats
  7 endoplasms
  3 giant cockroaches
  3 goblins
  8 hobgoblins
  9 jackals
  2 kobolds
  3 quokkas
  3 frilled lizards
  A quokka zombie (D:1)
  5 rats
150 creatures vanquished.

Vanquished Creatures (others)
  A human (D:3)
  3 toadstools (D:1)
4 creatures vanquished.

Grand Total: 154 creatures vanquished

Notes
Turn   | Place    | Note
-------+----------+-------------------------------------------
     0 | D:1      | bande the Gargoyle Fighter began the quest for the Orb.
     0 | D:1      | Reached XP level 1. HP: 14/14 MP: 1/1
   262 | D:1      | Reached XP level 2. HP: 19/19 MP: 2/2
   409 | D:1      | Found a faded altar of an unknown god.
   877 | D:1      | Reached skill level 2 in Axes
   877 | D:1      | Reached XP level 3. HP: 22/24 MP: 3/3
  1490 | D:2      | Found Quish's Antique Weapon Boutique.
  1605 | D:2      | Found a glowing golden altar of the Shining One.
  1798 | D:2      | Reached XP level 4. HP: 29/29 MP: 4/4
  1989 | D:2      | Noticed Jessica
  1993 | D:2      | Killed Jessica
  1994 | D:2      | Reached skill level 3 in Axes
  2418 | D:3      | Found a shimmering blue altar of Sif Muna.
  2474 | D:3      | Found an ancient bone altar of Kikubaaqudgha.
  2488 | D:3      | Reached XP level 5. HP: 33/33 MP: 5/5
  2820 | D:3      | Noticed a human
  2822 | D:3      | Killed a human
  2857 | D:4      | Noticed a wyvern
  2866 | D:4      | Noticed Sigmund
  2870 | D:4      | Killed a wyvern
  2871 | D:4      | Reached skill level 4 in Axes
  2871 | D:4      | Reached XP level 6. HP: 35/38 MP: 6/6
  2915 | D:4      | Killed Sigmund
  2916 | D:4      | Reached skill level 1 in Dodging
  2916 | D:4      | Reached XP level 7. HP: 29/44 MP: 7/7
  3223 | D:4      | Noticed Edmund
  3242 | D:4      | Killed Edmund
  3243 | D:4      | Reached skill level 5 in Axes
  3760 | D:4      | Noticed Natasha
  3769 | D:4      | Killed Natasha
  3782 | D:4      | Noticed Natasha
  3786 | D:4      | Killed Natasha
  3847 | D:4      | Found a staircase to the Ecumenical Temple.
  3902 | D:4      | Found a runed translucent door.
  3918 | D:4      | Noticed Natasha
  3924 | D:4      | Killed Natasha
  3959 | D:4      | Found a runed translucent door.
  3960 | D:4      | Noticed ptrx2's ghost (novice MiFi)
  4086 | D:4      | Found Seeveil's Antique Weapon Boutique.
  4091 | D:4      | Bought a runed war axe for 169 gold pieces
  4191 | D:5      | Entered Level 5 of the Dungeon
  4212 | D:5      | Reached skill level 5 in Shields
  4271 | D:5      | Reached skill level 5 in Armour
  4276 | D:5      | Reached XP level 8. HP: 26/48 MP: 8/8
  4757 | D:4      | Reached skill level 5 in Fighting
  4797 | D:5      | Reached skill level 6 in Axes
  4914 | D:5      | Identified the +3 falchion of the Crushing Viper {holy, Fly
                  | rElec Will- Dex+8}
  5022 | D:5      | Found a burning altar of Makhleb.
  5117 | D:5      | Found an iron altar of Okawaru.
  5118 | D:5      | Found a blossoming altar of Fedhas.
  5118 | D:5      | Found a glowing silver altar of Zin.
  5119 | D:5      | Found a basalt altar of Yredelemnul.
  5126 | D:5      | Became a worshipper of Warmaster Okawaru
  5167 | D:5      | Found a white marble altar of Elyvilon.
  5281 | D:5      | Found a stormy altar of Qazlal.
  5662 | D:5      | Found a broken altar of Ashenzari.
  5664 | D:5      | Found an ornate altar of the Wu Jian Council.
  5775 | D:6      | Found Qotaokull's Weapon Boutique.
  5814 | D:6      | Reached skill level 7 in Axes
  5831 | D:5      | Reached XP level 9. HP: 21/55 MP: 9/9
  6026 | D:6      | Reached * piety under Okawaru
  6105 | D:6      | Found Soips's General Store.
  6363 | D:6      | Found Fuxeeq's Distillery.
  6400 | D:6      | Found Welosk's Magic Scroll Emporium.
  6577 | D:7      | Noticed Duvessa
  6577 | D:7      | Noticed Dowan
  6583 | D:7      | Killed Dowan
  6588 | D:7      | Killed Duvessa
  6987 | D:7      | Noticed Pikel
  7003 | D:7      | Killed Pikel
  7004 | D:7      | Reached skill level 8 in Axes
  7668 | D:8      | Reached ** piety under Okawaru
  7676 | D:8      | Reached skill level 1 in Spellcasting
  7676 | D:8      | Reached skill level 1 in Invocations
  7812 | D:8      | Reached XP level 10. HP: 55/63 MP: 10/12
  7886 | D:8      | Noticed Maurice
  7892 | D:8      | Splashed by Maurice's acid

Illustrated notes

Levels and vault maps discovered:
D:1:      saegor_arrival_fortress, layout_loops_ring,
          ebering_ecumenical_altar_hall, minmay_gold_behind_fungi,
          minmay_tree_intersection, serial_bayou_pond_d
D:2:      layout_basic, serial_shops, shop_fountains, basic_altar, uniq_jessica
D:3:      layout_basic, lemuel_round_altar, tgw_kikubaaqudgha
D:4:      layout_rooms, minmay_temple_entry_butterflies, serial_shops,
          shop_fountains, ebering_ghost_sewer_f, uniq_sigmund, uniq_edmund,
          uniq_natasha
D:5:      layout_loops_ring, overflow_temple_1_default,
          chequers_temple_overflow_statue_of_worship,
          nicolae_overflow_hidden_temple, grunt_ministairs_2,
          hangedman_feature_mirror, minmay_manual_mail
D:6:      layout_rooms, serial_shops, kennysheep_little_box, shop, shop_coins,
          nicolae_shop_stone
D:7:      layout_loops_corners, uniq_pikel, uniq_duvessa
D:8:      layout_rooms, serial_shops, shop, minivault_22, uniq_maurice

Skill      XL: |  1  2  3  4  5  6  7  8  9 |
---------------+----------------------------+-----
Axes           | 2 3 4 5 7 8 |  8.7
Armour         | 4 5 6 |  6.3
Fighting       | 4 5 7 |  7.4
Shields        | 4 5 6 7 |  7.5
Dodging        | 1 2 |  2.0
Spellcasting   | 1 |  1.3
Invocations    | 1 |  1.6

Action                   |  1- 3 |  4- 6 |  7- 9 | 10-12 || total
-------------------------+-------+-------+-------+-------++-------
Melee: War axe           |    95 |    86 |   318 |     2 ||   501
  Use: Scroll            |     3 |     2 |     9 |       ||    14
       Potion            |       |     4 |       |       ||     4
Armor: Scale mail        |    48 |    57 |    12 |       ||   117
       Skin              |       |     4 |       |       ||     4
       Chain mail        |       |       |   240 |       ||   240
Dodge: Dodged            |    34 |    24 |    82 |     1 ||   141
Block: Kite shield       |    47 |    45 |   236 |       ||   328

Table legend: (Time is in decaauts)
 A = Elapsed time spent in this place.
 B = Non-inter-level travel time spent in this place.
 C = Inter-level travel time spent in this place.
 D = Time resting spent in this place.
 E = Time spent auto-exploring this place.
 F = Levels seen in this place.
 G = Mean time per level.
                   A        B        C        D        E       F      G
               +--------+--------+--------+--------+--------+-----+--------+
         Total |   8138 |   8081 |     57 |   1801 |   4582 |   8 | 1017.2 |
       Dungeon |   8138 |   8081 |     57 |   1801 |   4582 |   8 | 1017.2 |
               +--------+--------+--------+--------+--------+-----+--------+

Top non-repeatable levels by time:
     D:4: 1704 daAuts
     D:5: 1544 daAuts
     D:1: 1377 daAuts
     D:7: 1046 daAuts
     D:2: 890 daAuts
     D:3: 708 daAuts
     D:6: 580 daAuts
     D:8: 287 daAuts
